Map: Dusty Gorge

Players

Throwfordays - Winner!

  • Race: Protoss Protoss
  • League: Silver
  • Spawn Location: 11:00

Faust - Winner!

  • Race: Zerg Zerg
  • League: Diamond
  • Spawn Location: 9:00

MaxBadass

  • Race: Terran Terran
  • Spawn Location: 3:00

Barfur

  • Race: Protoss Protoss
  • Spawn Location: 5:00

VOD

Have the link to the VOD?

Description

Time

  • Played on: Feb. 2, 2019, 11:55 p.m.
  • Length: 4:26
Show
View Real Time Build Order
Export as new Build Order

Throwfordays Protoss - Winner!

Build Orders:  

Get SALT Encoding   

  12  0:01  Probe  
  13  0:14  Probe  
  14  0:24  Pylon  
  14  0:30  Pylon  
  14  0:31  Probe  
  15  0:43  Probe  
  16  0:53  Gateway  
  16  0:55  Probe  
  17  1:01  Assimilator  
  17  1:10  Gateway  
  17  1:13  Probe  
  18  1:25  Probe  
  19  1:38  Probe  
  20  1:40  Cybernetics Core  
  20  1:42  Zealot  
  22  1:50  Warp Gate  
  22  1:57  Zealot  
  24  2:17  Nexus  
  24  2:47  Nexus  
  24  2:58  Assimilator  
  24  3:01  Probe  
  25  3:13  Probe  
  25  3:18  Pylon  
  26  3:25  Probe  
  26  3:26  Probe  
  27  3:33  Probe  
  28  3:39  Probe  
  30  3:43  Probe  
  31  3:51  Probe  
  31  3:55  Probe  
  33  3:59  Probe  
  34  4:03  Probe  
  34  4:07  Probe  
  36  4:11  Probe  
  36  4:16  Pylon x2  
  38  4:21  Forge  
Show
View Real Time Build Order
Export as new Build Order

Faust Zerg - Winner!

Build Orders: Hatch First 

Get SALT Encoding   

  12  0:01  Drone  
  13  0:09  Drone  
  14  0:18  Extractor, Drone  
  15  0:23  Overlord  
  15  0:42  Drone x2  
  17  0:58  Hatchery  
  17  1:00  Drone  
  17  1:12  Spawning Pool  
  16  1:19  Drone  
  17  1:33  Drone  
  17  1:34  Extractor, Drone x2  
  19  1:50  Overlord  
  19  2:01  Queen  
  19  2:05  Zergling x2  
  22  2:09  Zergling x2  
  22  2:11  Queen  
  25  2:16  Zergling x2  
  26  2:29  Zergling x6  
  29  2:31  Zergling x2  
  30  2:41  Metabolic Boost  
  30  3:03  Zergling x8  
  30  3:05  Drone  
  35  3:06  Baneling Nest, Drone  
  35  3:12  Overlord  
  35  3:31  Zergling x10  
  39  3:58  Zergling x8  
  39  4:02  Zergling x2  
  44  4:09  Zergling x2  
Show
View Real Time Build Order
Export as new Build Order

MaxBadass Terran 

Build Orders: 2 Factory 

Get SALT Encoding   

  12  0:01  SCV  
  13  0:19  SCV, Supply Depot  
  14  0:31  SCV  
  15  0:42  Barracks  
  15  0:43  SCV  
  16  0:51  Refinery  
  16  0:55  SCV  
  17  1:03  Supply Depot  
  17  1:07  SCV  
  18  1:19  SCV  
  18  1:23  Refinery  
  19  1:32  Orbital Command  
  19  1:36  Marine  
  20  2:06  Command Center  
  21  2:08  SCV  
  21  2:16  Barracks Reactor  
  21  2:26  Factory  
  21  2:27  SCV  
  22  2:46  SCV, Barracks  
  23  2:58  SCV  
  24  3:08  Engineering Bay  
  24  3:10  SCV  
  25  3:14  Marine  
  25  3:15  Marine  
  25  3:18  Factory Tech Lab  
  27  3:25  Starport  
  27  3:26  Factory  
  27  3:40  Marine x2  
  29  3:43  Siege Tank  
  29  3:55  SCV  
  26  4:05  Marine x2  
Show
View Real Time Build Order
Export as new Build Order

Barfur Protoss 

Build Orders: Oracle Opening 

Get SALT Encoding   

  12  0:01  Probe  
  13  0:13  Probe  
  14  0:18  Pylon  
  14  0:25  Probe  
  15  0:39  Gateway  
  15  0:42  Assimilator  
  15  0:45  Probe  
  16  0:53  Probe  
  16  1:01  Probe  
  18  1:12  Probe  
  19  1:24  Probe  
  20  1:27  Assimilator  
  20  1:36  Cybernetics Core  
  20  1:37  Probe  
  21  1:51  Pylon  
  21  1:53  Probe  
  22  2:05  Assimilator  
  22  2:06  Probe  
  23  2:16  Stargate  
  23  2:27  Nexus  
  23  2:34  Zealot  
  25  2:39  Pylon  
  25  2:43  Probe  
  26  2:51  Oracle  
  26  2:55  Probe  
  30  3:12  Probe  
  31  3:18  Pylon  
  31  3:22  Oracle  
  31  3:24  Stalker  
  33  3:29  Probe  
  37  3:36  Probe  
  38  3:41  Probe  
  38  3:44  Probe  
  40  3:53  Probe  
  40  3:55  Probe  
Tags
 
Add a new tag
Caveats
  • Supply blocks, unpowered buildings, or Contaminate may cause inaccurate times.
  • Supply counts are checked every 10 seconds.